 Dungeon Crawl Stone Soup version 0.20.1-1-g8b1a95d (webtiles) character file.

287 manyhoops the Gusty (level 5, 0/34 HPs)
             Began as a Demigod Air Elementalist on Sept 7, 2017.
             Slain by a worker ant (5 damage)
             ... on level 4 of the Dungeon.
             The game lasted 00:06:40 (3281 turns).

manyhoops the Gusty (Demigod Air Elementalist)      Turns: 3281, Time: 00:06:41

Health: 0/34       AC:  2    Str: 11    XL:     5   Next: 80%
Magic:  1/13       EV: 12    Int: 21    God:
Gold:   111        SH:  3    Dex: 16    Spells: 4/10 levels left

rFire    . . .     SeeInvis .   h - +0 mace
rCold    . . .     Gourm    .   (no shield)
rNeg     . . .     Faith    .   a - +0 robe
rPois    +         Spirit   .   (no helmet)
rElec    .         Reflect  +   (no cloak)
rCorr    .         Harm     .   (no gloves)
MR       .....                  (no boots)
Stlth    ++........             n - +3 amulet of reflection
Regen    0.2/turn               (no ring)
MPRegen  0.2/turn               (no ring)

@: very slightly contaminated
A: frail 1, high mp 1, mutation resistance 1, poison resistance
a: no special abilities


You were on level 4 of the Dungeon.
You were not hungry.

You visited 1 branch of the dungeon, and saw 4 of its levels.

You collected 111 gold pieces.

Inventory:

Hand Weapons
 h - a +0 mace (weapon)
Armour
 a - a +0 robe (worn)
Jewellery
 n - a +3 amulet of reflection (around neck)
Scrolls
 d - 2 scrolls of immolation {unknown}
 e - 2 scrolls of recharging
 g - 4 scrolls of teleportation
 q - a scroll of fog {unknown}
Potions
 k - a potion of flight
 m - a potion of haste
Books
 b - a book of Air

   Spells                             Type                      Level
   a - Shock                          Conjuration/Air              1
   b - Swiftness                      Charms/Air                   2
   c - Static Discharge               Conjuration/Air              3
   d - Airstrike                      Air                          4
   e - Lightning Bolt                 Conjuration/Air              5
Comestibles
 c - 2 bread rations
 f - 2 royal jellies
 i - 15 fruits
 j - a meat ration
 l - 2 chunks of flesh


   Skills:
 - Level 1.7 Dodging
 - Level 1.7 Stealth
 + Level 3.4 Spellcasting
 * Level 3.3 Conjurations
 + Level 4.0 Air Magic


You had 4 spell levels left.
You knew the following spells:

 Your Spells              Type           Power        Failure   Level  Hunger
a - Shock                 Conj/Air       ###.         2%          1    None
b - Swiftness             Chrm/Air       ##......     9%          2    ##.....
c - Static Discharge      Conj/Air       ###.....     9%          3    ###....


Dungeon Overview and Level Annotations

Branches:
Dungeon (4/15)
 Temple: D:4-7

Annotations:
D:2 Sigmund


Innate Abilities, Weirdness & Mutations

You have an increased reservoir of magic. (+10% MP)
You are frail. (-10% HP)
You are somewhat resistant to further mutation.
Your system is resistant to poisons. (rPois)


Message History

Press: ? - help, Shift-Dir - straight line, f/p - Robin
Aim: Robin, wielding a trident, wearing an animal skin and wearing a helmet (almost dead)
The zap misses Robin.
Robin completely misses you.
Unknown command.
Unknown command.
You hit Robin.
Robin is almost dead.
Robin hits you with a trident!
Robin says, "My army is invincible!"
Robin hits you with a trident!
* * * LOW HITPOINT WARNING * * *
You barely miss Robin.
Robin is almost dead.
Robin closely misses you.
Unknown command.
Okay, then.
You sock Robin!
You kill Robin!
The worker ant bites you.
You die...

### ## #.. ..#
#.# #.# #.# #.#
#.#
##.#######.###
####.|.#>......)#
#.............#@#
#.##...#.######a#
#.###.##.# #)#
#.# #.##.# .).
##.###.##.# .).
.......##.# #....
##.##.###.# ##.##
##.##.....# #.#
..........#


You could see a worker ant.

Vanquished Creatures
  An orc priest (D:3)
  2 orc wizards (D:3)
  Terence (D:2)
  Robin (D:4)
  4 gnolls
  An adder (D:2)
  An ooze (D:2)
  2 worms
  3 dart slugs
  2 leopard geckos (D:2)
  6 orcs (D:3)
  2 ball pythons
  4 giant cockroaches
  23 goblins
  7 hobgoblins
  2 jackals (D:1)
  3 quokkas
  9 bats
  2 frilled lizards
  5 kobolds
  10 rats
91 creatures vanquished.

Notes
Turn   | Place    | Note
-------+----------+-------------------------------------------
     0 | D:1      | manyhoops the Demigod Air Elementalist began the quest for the Orb.
     0 | D:1      | Reached XP level 1. HP: 14/14 MP: 5/5
    75 | D:1      | Found a shimmering altar of Xom.
    90 | D:1      | Reached skill level 1 in Conjurations
   249 | D:1      | Reached skill level 3 in Air Magic
   249 | D:1      | Reached XP level 2. HP: 18/20 MP: 2/7
  1279 | D:2      | Reached XP level 3. HP: 26/26 MP: 3/8
  1385 | D:2      | Learned a level 2 spell: Swiftness
  1389 | D:2      | Learned a level 3 spell: Static Discharge
  1417 | D:2      | Noticed Terence
  1425 | D:2      | Killed Terence
  1425 | D:2      | Reached XP level 4. HP: 21/33 MP: 0/10
  1810 | D:2      | Gained mutation: You are somewhat resistant to further mutation. [potion of mutation]
  1810 | D:2      | Gained mutation: You are weak. (Str -2) [potion of mutation]
  2101 | D:2      | Noticed Sigmund
  2205 | D:2      | Lost mutation: You are weak. (Str -2) [potion of mutation]
  2205 | D:2      | Gained mutation: You are frail. (-10% HP) [potion of mutation]
  2205 | D:2      | Gained mutation: Your system is resistant to poisons. (rPois) [potion of mutation]
  2529 | D:3      | Reached XP level 5. HP: 34/34 MP: 1/12
  3264 | D:4      | Noticed Robin
  3266 | D:4      | Reached skill level 4 in Air Magic
  3281 | D:4      | Killed Robin
  3281 | D:4      | Slain by a worker ant

Skill      XL: |  1  2  3  4  5 |
---------------+----------------+-----
Conjurations   | 1 2 3 |  3.3
Spellcasting   | 2 3 |  3.4
Air Magic      | 3 4 |  4.0
Dodging        | |  1.7
Stealth        | |  1.7

Action                   |  1- 3 |  4- 6 || total
-------------------------+-------+-------++-------
Melee: Club              |    22 |       ||    22
       Unarmed           |     3 |       ||     3
       Mace              |    41 |    40 ||    81
 Cast: Shock             |    57 |   110 ||   167
       Static Discharge  |     1 |       ||     1
  Use: Scroll            |     1 |     5 ||     6
       Potion            |       |     4 ||     4
 Stab: Sleeping          |     3 |       ||     3
  Eat: Chunk             |     2 |     6 ||     8
Armor: Robe              |    36 |    11 ||    47
Dodge: Dodged            |    90 |    36 ||   126
Block: Other             |       |     5 ||     5
